 Dungeon Crawl Stone Soup version 0.16.0-11-gd45b091 (webtiles) character file.

4 RobertPalmer the Insei (level 1, -2/13 HPs)
             Began as an Octopode Transmuter on Mar 18, 2015.
             Slain by a hobgoblin
             ... wielding a +2 whip of draining
              (3 damage)
             ... on level 1 of the Dungeon.
             The game lasted 00:00:25 (115 turns).

RobertPalmer the Insei (Octopode Transmuter)         Turns: 115, Time: 00:00:25

Health: -2/13      AC:  1    Str:  9    XL:     1   Next: 60%
Magic:  3/3        EV: 12    Int: 15    God:
Gold:   6          SH:  0    Dex: 12    Spells: 1 memorised, 3 levels left

rFire  . . .     SeeInvis .       - Unarmed
rCold  . . .     Clarity  .     (no shield)
rNeg   . . .     SustAb   .     (helmet restricted)
rPois  .         Gourm    .     (no amulet)
rElec  .         Spirit   .     (no ring)
rCorr  .         Warding  .     (no ring)
rMut   .         Stasis   .     (no ring)
MR     .....                    (no ring)
Stlth  ++........               (no ring)
                                (no ring)
                                (no ring)
                                (no ring)

@: appendage (expiring), not resistant to hostile enchantments, unstealthy
A: almost no armour, amphibious, 8 rings, constrict 8, tentacle spike 3,
camouflage 1, gelatinous body 1
a: End Transformation


You were on level 1 of the Dungeon.
You were not hungry.
One of your tentacles had a temporary spike.
You visited 1 branch of the dungeon, and saw 1 of its levels.

You collected 6 gold pieces.

Inventory:

Missiles
 b - 12 arrows
Scrolls
 c - a scroll of remove curse {unknown}
Books
 d - a book of Changes
Comestibles
 a - a bread ration {@e1}


   Skills:
 - Level 1.0 Fighting
 - Level 2.0 Dodging
 - Level 3.0 Unarmed Combat
 - Level 2.0 Spellcasting
 + Level 2.4 Transmutations


You had 3 spell levels left.
You knew the following spells:

 Your Spells              Type           Power        Failure   Level  Hunger
a - Beastly Appendage     Trmt           #.....       12%         1    #......


Dungeon Overview and Level Annotations

Branches:
Dungeon (1/15)

Altars:


Innate Abilities, Weirdness & Mutations

You cannot wear most types of armour.
You are amphibious.
You can wear up to eight rings at the same time.
You can use your tentacles to constrict many enemies at once.
Your skin changes colour to match your surroundings (Stealth).
Your rubbery body absorbs attacks (AC +1).
One of your tentacles bears a large vicious spike.


Message History

Welcome, RobertPalmer the Octopode Transmuter.
The bosom of this dungeon contains the most powerful artefact, the Orb of Zot.
Found a staircase leading out of the dungeon.
You now have 6 gold pieces.
Found a stone staircase leading down.
A goblin comes into view.
A goblin is nearby!
A goblin is nearby!
You see here a scroll labeled MNECYFR GIOSIO.
c - a scroll labeled MNECYFR GIOSIO One of your tentacles grows a vicious spike.
You now have 2/3 mp.
The goblin barely misses you.
You tentacle-slap the goblin.
You kill the goblin!
No target in view!
Your transformation is almost over.
You open the door.
Your tentacle spike disappears.
There is an open door here.
There is an open door here.
Found an escape hatch in the floor.
MP restored: 3 A rat comes into view.
A rat is nearby!
A rat is nearby!
A rat is nearby!
A hobgoblin comes into view. It is wielding a club.
The hobgoblin shouts!
A giant gecko and a hobgoblin come into view.
You barely miss the rat.
The hobgoblin shouts!
You grab the rat. You constrict the rat.
You kill the rat!
You see here a rat corpse.
One of your tentacles grows a vicious spike.
The hobgoblin hits you with a club.
You take 1 damage, and have 12/13 hp.
You now have 2/3 mp.
The giant gecko hisses menacingly.
The hobgoblin hits you with a club.
You take 6 damage, and have 6/13 hp.
MASSIVE DAMAGE!!
The giant gecko bites you.
You take 2 damage, and have 4/13 hp.
Your transformation is almost over.
The giant gecko bites you.
* * * LOW HITPOINT WARNING * * *
You take 1 damage, and have 3/13 hp.
Unknown command.
You tentacle-slap the giant gecko!
You kill the giant gecko!
You tentacle-slap the hobgoblin. You grab the hobgoblin.
You pierce the hobgoblin, but do no damage.
You constrict the hobgoblin, but do no damage.
The hobgoblin hits you with a club.
* * * LOW HITPOINT WARNING * * *
You take 2 damage, and have 1/13 hp.
You tentacle-slap the hobgoblin!
You kill the hobgoblin!
The hobgoblin closely misses you.
You tentacle-slap the hobgoblin. Your grab misses the hobgoblin.
MP restored: 3 You closely miss the hobgoblin.
You grab the hobgoblin.
You pierce the hobgoblin, but do no damage.
You constrict the hobgoblin, but do no damage.
The hobgoblin hits you with a whip of draining.
You die...

. .##...#...... #..
#####..##.#####
#..#.P.P.#..##+### .
#..#...P.#..#....# ..
#..#....P#.......#
+##.#..#######.......#
........# #........#
.........# ##.#......#
..... #@# ##..#..#####
..... #g###..........
......#......##.#....
.......#.####...>.....
+...............
#.#.####........ #.#.#
#........ #..†#
#......#. ......#..#
.......#


You could see a hobgoblin.

Vanquished Creatures
  A goblin (D:1)
  A hobgoblin (D:1)
  A giant gecko (D:1)
  A rat (D:1)
4 creatures vanquished.

Notes
Turn   | Place    | Note
--------------------------------------------------------------
     0 | D:1      | RobertPalmer, the Octopode Transmuter, began the quest for the Orb.
     0 | D:1      | Reached XP level 1. HP: 13/13 MP: 3/3
   110 | D:1      | HP: 3/13 [giant gecko (1)]
   112 | D:1      | HP: 1/13 [hobgoblin/club (2)]
   115 | D:1      | Slain by a hobgoblin

Action                   || total
-------------------------++-------
Melee: Unarmed           ||     7
 Cast: Beastly Appendage ||     2

Vault maps used:
D:1:      dpeg_arrival_round_a, serial_aquarium, aquarium_bridge_straight,
          aquarium_bridge_square, aquarium_window_1, aquarium_window_1,
          aquarium_window_1, aquarium_view_2e, aquarium_view_2e, minivault_23

Table legend:
 A = Turns spent in this place as a percentage of turns spent in the entire game.
 B = Non-inter-level travel turns spent in this place as a percentage of non-inter-level travel turns spent in the entire game.
 C = Inter-level travel turns spent in this place as a percentage of turns spent in this place.
 D = Turns resting spent in this place as a percentage of non-inter-level travel turns spent in this place.
 E = Turns spent auto-exploring this place as a percentage of non-inter-level travel turns spent in this place.
 F = Non-inter-level travel turns spent in this place divided by the number of levels of this place that you've seen.
                   A       B       C       D       E      F
               +-------+-------+-------+-------+-------+----------------------
         Total | 100.0 | 100.0 |   0.0 |   0.0 |   9.8 |  41.0
       Dungeon | 100.0 | 100.0 |   0.0 |   0.0 |   9.8 |  41.0
               +-------+-------+-------+-------+-------+----------------------

Table legend:
 A = Kills in this place as a percentage of kills in entire the game.
 B = Kills by you in this place as a percentage of kills by you in the entire game.
 C = Kills by friends in this place as a percentage of kills by friends in the entire game.
 D = Other kills in this place as a percentage of other kills in the entire game.
 E = Experience gained in this place as a percentage of experience gained in the entire game.
 F = Experience gained in this place divided by the number of levels of this place that you have seen.
                   A       B       C       D       E      F
               +-------+-------+-------+-------+-------+----------------------
         Total | 100.0 | 100.0 |  -nan |  -nan | 100.0 |   6.0
       Dungeon | 100.0 | 100.0 |  -nan |  -nan | 100.0 |   6.0
               +-------+-------+-------+-------+-------+----------------------
